 Dungeon Crawl Stone Soup version 0.29.1-1-gd02db6906a (webtiles) character file.

Game seed: 8537556492504484060

25 hikkokomori the Sneak (level 3, -14/30 HPs)
             Began as a Formicid Delver on Oct 6, 2022.
             Demolished by a mummy (15 damage)
             ... in an ossuary.
             The game lasted 00:02:41 (440 turns).

hikkokomori the Sneak (Formicid Delver)              Turns: 440, Time: 00:02:42

Health: -14/30     AC:  3    Str: 17 (18) XL:     3   Next: 17%
Magic:  3/3        EV: 16    Int:  7 (9)  God:
Gold:   19         SH:  0    Dex: 13 (15) Spells: 2/2 levels left

rFire   . . .      SeeInvis +   a - +0 hand axe
rCold   . . .      Faith    .   (no shield)
rNeg    . . .      Spirit   .   b - +0 leather armour
rPois   .          Reflect  .   (helmet unavailable)
rElec   .          Harm     .   (no cloak)
rCorr   .          Rampage  .   (no gloves)
Will    .....                   (no boots)
Stlth   +++.......              (no amulet)
HPRegen 0.10/turn               j - +4 ring of evasion
MPRegen 0.08/turn               (no ring)

@: flying
A: permanent stasis, dig shafts and tunnels, antennae 3, four strong arms
a: Dig


You were in an ossuary.
You visited 1 branch of the dungeon, and saw 3 of its levels.
You also visited: Ossuary.

You collected 19 gold pieces.

Inventory:

Hand Weapons
 a - a +0 hand axe (weapon)
Armour
 b - a +0 leather armour (worn)
Jewellery
 j - a +4 ring of evasion (left hand)
Wands
 f - a wand of digging (3)
 i - a wand of charming (7)
Scrolls
 c - a scroll of fog
 d - a scroll of identify {unknown}
 e - a scroll of fear
 k - a scroll of summoning {unknown}


   Skills:
 + Level 3.6 Fighting
 + Level 2.4 Axes
 + Level 2.2 Dodging
 - Level 6.2 Stealth


You had 2 spell levels left.
You didn't know any spells.
Your spell library was empty.

Dungeon Overview and Level Annotations

Branches:
Dungeon (6/15)            Ossuary (1/1)
 Temple: D:4-7

Altars:
Ru


Innate Abilities, Weirdness & Mutations

You cannot be hasted, slowed, berserked, paralysed or teleported.
You can dig through walls and to a lower floor.
You have a pair of large antennae on your head. (SInv)
Your four strong arms can wield two-handed weapons with a shield.


Message History

The goblin zombie hits you but does no damage.
Unknown command.
Unknown command.
The goblin zombie misses you.
Unknown command.
Unknown command.
Unknown command.
Unknown command.
Unknown command.
You open the door.
Found a gate leading back out of this place.
There is an open door here.
Unknown command.
Press: ? - help, v - describe, . - travel A net trap.
Unknown command.
You hit the goblin zombie.
You destroy the goblin zombie!
It was a potion of flight.
You feel very buoyant.
You fly up into the air.
You hit the mummy but do no damage. The mummy drops a net on you.
You become entangled in the net!
Unknown command.
It was a potion of degeneration.
There was something very wrong with that liquid.
You feel weakened.
You feel dopey.
You feel clumsy.
You struggle against the net.
The mummy hits you. The mummy hits you!
Ouch! That really hurt!
* * * LOW HITPOINT WARNING * * *
Unknown command.
You struggle against the net.
The mummy barely misses you.
Unknown command.
You struggle against the net.
The mummy hits you.
* * * LOW HITPOINT WARNING * * *
Unknown command.
You rip the net and break free!
The mummy completely misses you. The mummy hits you!
Ouch! That really hurt!
You die...

#.....#
##...##
#...#
##...##
#.....#
##...##
#.M.# {
##M##
#@M^#
+.∩^#
#...# {
#####


You could see 3 mummies.

Vanquished Creatures
  A mummy (D:4)
  An ufetubus (D:4)
  An adder zombie (Ossuary)
  A goblin zombie (Ossuary)
  2 quokka zombies (Ossuary)
  2 rat zombies (Ossuary)
8 creatures vanquished.

Notes
Turn   | Place    | Note
-------+----------+-------------------------------------------
     0 | D:5      | hikkokomori the Formicid Delver began the quest for the
                  | Orb.
     0 | D:5      | Reached XP level 1. HP: 18/18 MP: 1/1
    14 | D:6      | Found a sacrificial altar of Ru.
    39 | D:6      | Noticed a hound
    74 | D:5      | Noticed a phantom
   200 | D:4      | Noticed a hound
   234 | D:4      | Found a sand-covered staircase.
   247 | D:4      | Reached XP level 2. HP: 11/24 MP: 2/2
   400 | Ossuary  | Entered an ossuary
   418 | Ossuary  | Reached XP level 3. HP: 27/29 MP: 3/3
   439 | Ossuary  | HP: 1/30 [mummy (4)]
   440 | Ossuary  | Demolished by a mummy

Illustrated notes

Levels and vault maps discovered:
D:4:      layout_basic, jmf_multi_god_temple, gup_ossuary_entry_pyramid,
          st_stairs_13, nicolae_shop_overcharged_wands, uniq_grinder,
          uniq_natasha, uniq_robin
D:5:      layout_basic, mainiacjoe_overflow_boulevard,
          nemelex_diamond_rough_becter, palyth_stone_intersect,
          uniq_prince_ribbit1
D:6:      layout_rooms, overflow_temple_1_default, serial_shops, shop
Ossuary:  ossuary_minmay_chase

Skill      XL: |  1 |
---------------+----+-----
Dodging        | 2 |  2.2
Fighting       | |  3.6
Axes           | |  2.4
Stealth        | |  6.2

Action                   || total
-------------------------++-------
Melee: Hand axe          ||    23
 Abil: Dig               ||     1
  Use: Scroll            ||     1
       Potion            ||     2
 Stab: Sleeping          ||     3
Armor: Leather armour    ||     5
Dodge: Dodged            ||    28
